Map: Blackpink LE

Players

Dicehammer

  • Race: Terran Terran
  • League: Master
  • Spawn Location: 1:00

RainHellFire - Winner!

  • Race: Zerg Zerg
  • League: Diamond
  • Spawn Location: 7:00

VOD

Have the link to the VOD?

Description

Time

  • Played on: April 5, 2018, 6:48 p.m.
  • Length: 11:03
Show
View Real Time Build Order
Export as new Build Order

Dicehammer Terran 

Build Orders: Reaper Expand, Bio Tank 

Get SALT Encoding   

  12  0:01  SCV  
  13  0:13  SCV  
  14  0:17  Supply Depot  
  14  0:25  SCV  
  15  0:39  SCV  
  15  0:40  Barracks  
  16  0:43  Refinery  
  16  0:51  SCV  
  17  1:03  SCV  
  18  1:15  SCV  
  19  1:27  Reaper, Orbital Command  
  20  1:42  Command Center  
  20  1:49  Supply Depot  
  20  1:57  SCV  
  20  1:59  Marine  
  22  2:09  SCV  
  22  2:11  Factory  
  23  2:21  Refinery, SCV  
  23  2:25  Barracks Reactor  
  23  2:33  SCV  
  24  2:45  SCV  
  25  2:54  Orbital Command  
  25  2:57  SCV  
  26  2:58  Starport  
  26  3:05  Hellion x2  
  30  3:09  SCV  
  30  3:10  Barracks Tech Lab  
  31  3:13  Supply Depot  
  31  3:19  SCV  
  32  3:21  SCV  
  33  3:27  Hellion  
  33  3:29  Hellion  
  38  3:34  SCV x2  
  38  3:37  Barracks Tech Lab  
  39  3:41  Supply Depot  
  39  3:46  SCV  
  39  3:47  SCV  
  41  3:50  Viking  
  43  3:59  SCV x2  
  43  4:00  Marine, Stimpack  
  46  4:08  Liberator  
  46  4:11  SCV  
  46  4:16  SCV  
  48  4:19  Command Center  
  48  4:23  SCV  
  49  4:30  SCV  
  53  4:31  Supply Depot  
  53  4:35  SCV  
  54  4:39  Barracks  
  54  4:42  SCV  
  54  4:43  Factory Reactor, Barracks  
  55  4:48  SCV  
  55  4:49  Marine  
  57  4:54  Engineering Bay  
  57  4:55  SCV, Engineering Bay  
  58  5:00  SCV  
  58  5:05  Refinery  
  58  5:06  Refinery  
  59  5:08  SCV  
  59  5:10  Marine  
  59  5:12  SCV  
  62  5:21  SCV  
  62  5:22  Starport Reactor, Terran Infantry Weapons Level 1, Terran Infantry Armor Level 1  
  62  5:24  SCV  
  64  5:28  Marine  
  64  5:31  Orbital Command  
  65  5:35  SCV  
  65  5:36  SCV  
  65  5:37  Marine x2, Supply Depot  
  65  5:38  Siege Tank  
  65  5:39  Marine x2  
  74  5:47  SCV  
  74  5:48  SCV  
  76  5:50  Marine  
  76  5:55  Marine x2  
  79  6:00  Orbital Command  
  79  6:05  Armory  
  79  6:07  Supply Depot  
  79  6:09  SCV  
  79  6:10  Marine, SCV  
  79  6:11  Marine x2, Siege Tank  
  81  6:12  Medivac x2  
  81  6:13  Marine  
  89  6:21  SCV  
  89  6:24  SCV  
  89  6:25  SCV, Barracks  
  92  6:26  Barracks  
  92  6:30  Marine x3, Supply Depot  
  92  6:31  Marine  
  96  6:33  SCV  
  96  6:36  SCV  
  96  6:37  Marine, SCV  
  96  6:39  Supply Depot  
  100  6:46  SCV  
  101  6:47  Supply Depot  
  101  6:51  Marine x2, SCV x2  
  105  6:58  SCV  
  106  7:03  SCV x2  
  106  7:05  Marine x3  
  106  7:08  Combat Shields  
  111  7:10  SCV  
  111  7:16  Marine x2  
  111  7:17  Barracks Reactor x2  
  111  7:18  SCV x2, Medivac  
  111  7:20  Refinery  
  111  7:22  SCV  
  118  7:23  Refinery  
  118  7:26  Bunker  
  118  7:27  Terran Infantry Weapons Level 2, Terran Infantry Armor Level 2  
  118  7:28  Marine x3  
  118  7:29  Factory  
  121  7:31  SCV x2  
  121  7:34  Marine, SCV  
  123  7:37  Marine  
  123  7:43  Siege Tank, Supply Depot  
  127  7:44  Supply Depot  
  127  7:45  Supply Depot  
  127  7:46  Marine x2  
  125  7:52  Marine x2  
  125  7:53  Medivac x2  
  125  7:54  Marine  
  129  7:59  SCV x3  
  129  8:02  Marine  
  129  8:03  Marine x3  
  129  8:04  Marine x2  
  133  8:10  Command Center  
  120  8:13  SCV x2  
  120  8:18  Marine x3, Siege Tank  
  122  8:20  Marine  
  122  8:25  Marine x4  
  122  8:26  Medivac x2  
  131  8:28  Factory Tech Lab  
  131  8:33  Marine  
  132  8:35  Marine x2  
  132  8:36  Supply Depot  
  132  8:37  Terran Vehicle Weapons Level 1  
  134  8:43  Marine x5  
  134  8:44  Marine  
  137  8:50  Marine  
  137  8:51  Siege Tank  
  137  8:52  Siege Tank  
  137  8:53  Marine x2  
  144  8:56  SCV x2  
  144  8:57  SCV  
  144  9:01  Marine x2  
  144  9:02  Marauder  
  151  9:03  Marine x2  
  151  9:04  Marine  
  151  9:08  Marine, SCV x2  
  157  9:10  Medivac x2  
  157  9:11  Marine x2  
  157  9:14  Orbital Command x2  
  157  9:16  Orbital Command  
  163  9:18  Marine  
  163  9:21  Marine x3  
  163  9:22  Marine, Supply Depot x2  
  163  9:23  Marauder, Supply Depot  
  163  9:24  Planetary Fortress  
  170  9:26  Marine  
  170  9:28  Refinery  
  170  9:29  Refinery  
  171  9:47  Marine x8  
  171  9:48  Marine, Siege Tank x2  
  186  10:05  Marine  
  173  10:08  Marine x3  
  169  10:15  Marine x5  
  169  10:16  Medivac x2  
  178  10:22  Marine, Siege Tank  
  178  10:26  Marine x3  
  185  10:31  Siege Tank  
  185  10:33  Marine x5  
  193  10:38  Command Center  
  193  10:39  Sensor Tower  
  193  10:40  Marine  
  190  10:44  Marine x2  
  190  10:45  Marine  
Show
View Real Time Build Order
Export as new Build Order

RainHellFire Zerg - Winner!

Build Orders: Pool First 

Get SALT Encoding   

  12  0:01  Drone  
  13  0:12  Overlord  
  13  0:20  Drone  
  14  0:31  Drone x2  
  16  0:42  Spawning Pool  
  15  0:45  Extractor  
  15  0:46  Drone  
  15  0:50  Drone  
  15  0:56  Drone  
  17  1:08  Drone  
  18  1:22  Hatchery  
  17  1:30  Queen  
  19  1:35  Drone  
  19  1:37  Drone  
  21  1:48  Metabolic Boost  
  21  1:53  Overlord  
  21  2:10  Queen  
  21  2:11  Zergling x2  
  21  2:13  Drone x2  
  26  2:27  Drone  
  27  2:41  Drone x2  
  29  2:45  Hatchery  
  29  2:46  Drone  
  29  2:47  Drone  
  30  2:57  Drone x2  
  30  2:58  Drone x2  
  34  3:07  Overlord  
  34  3:14  Zergling x2  
  34  3:15  Zergling x2  
  36  3:21  Overlord  
  36  3:27  Zergling x2  
  36  3:28  Zergling x10  
  42  3:38  Zergling x2  
  42  3:40  Drone  
  44  3:44  Lair  
  44  3:50  Drone x2  
  44  3:51  Drone x2  
  44  3:54  Queen  
  50  3:55  Drone  
  50  3:56  Drone  
  50  3:58  Overlord  
  52  4:03  Roach Warren  
  48  4:13  Drone x2  
  48  4:14  Drone  
  48  4:15  Zergling x4  
  53  4:21  Zergling x2  
  53  4:22  Zergling x4  
  56  4:26  Spine Crawler  
  55  4:33  Queen  
  55  4:36  Drone x6  
  63  4:48  Overlord x2  
  63  4:49  Overlord  
  63  4:53  Extractor  
  63  4:54  Spore Crawler  
  63  4:56  Spore Crawler  
  63  4:58  Overlord  
  60  5:04  Overlord x2  
  60  5:08  Drone x3  
  60  5:09  Drone x3  
  66  5:14  Drone  
  66  5:15  Drone  
  66  5:19  Drone x2, Glial Reconstitution  
  70  5:25  Extractor, Roach  
  70  5:26  Roach x2  
  75  5:33  Roach  
  77  5:36  Queen  
  77  5:37  Queen  
  81  5:45  Spore Crawler  
  81  5:46  Overlord  
  78  6:01  Drone x3  
  78  6:02  Drone  
  77  6:10  Queen  
  78  6:12  Queen, Roach x5  
  78  6:13  Drone x5  
  78  6:18  Baneling Nest  
  94  6:21  Baneling Nest  
  94  6:23  Hydralisk Den  
  94  6:24  Drone  
  94  6:25  Drone x3  
  97  6:32  Extractor x2  
  96  6:34  Drone x2  
  96  6:35  Drone x2, Extractor  
  98  6:49  Overlord x3  
  96  7:10  Muscular Augments  
  96  7:11  Hydralisk x6  
  108  7:21  Hydralisk x2  
  111  7:23  Drone x2  
  111  7:24  Drone x6  
  118  7:38  Hatchery  
  118  7:39  Baneling  
  118  7:40  Baneling x7  
  118  7:43  Zergling x20  
  128  7:44  Zergling x2  
  128  7:50  Overlord x2  
  122  7:55  Baneling  
  122  7:56  Hydralisk, Baneling x5, Roach  
  101  8:06  Hydralisk x3  
  101  8:12  Hydralisk x2  
  88  8:14  Drone, Zergling x2  
  88  8:15  Drone x2  
  88  8:16  Drone  
  91  8:22  Zergling x2  
  91  8:23  Zergling x8  
  96  8:33  Centrifical Hooks  
  96  8:38  Evolution Chamber  
  96  8:41  Evolution Chamber, Hydralisk  
  96  8:54  Drone x5  
  96  8:55  Drone x3  
  104  8:56  Zergling x2  
  104  8:57  Zergling x10  
  104  9:00  Baneling  
  104  9:01  Baneling x4  
  110  9:05  Queen x2  
  114  9:10  Drone x4  
  114  9:13  Hydralisk x2  
  122  9:20  Baneling  
  122  9:21  Baneling x13  
  122  9:23  Drone  
  122  9:24  Drone  
  124  9:43  Infestation Pit  
  123  9:48  Hydralisk x3  
  123  9:50  Zergling x20  
  123  9:51  Zergling x4  
  141  9:57  Drone x2, Extractor  
  141  9:58  Drone x3  
  141  9:59  Extractor  
  137  10:08  Hydralisk  
  137  10:09  Hydralisk x2  
  137  10:10  Hydralisk x4  
  147  10:15  Baneling  
  147  10:16  Baneling x2  
  147  10:17  Zergling x2  
  147  10:18  Zergling x8  
  152  10:27  Hydralisk x2  
  151  10:32  Baneling  
  151  10:33  Baneling x6  
Tags
 
Add a new tag
Caveats
  • Supply blocks, unpowered buildings, or Contaminate may cause inaccurate times.
  • Supply counts are checked every 10 seconds.